 Dungeon Crawl Stone Soup version 0.28-a0-224-g76b539d98b (webtiles) character file.

Game seed: 2963254542823078243

65 Arne the Gusty (level 4, -6/24 HPs)
             Began as a Tengu Air Elementalist on Aug 21, 2021.
             Mangled by a gnoll (13 damage)
             ... on level 2 of the Dungeon.
             The game lasted 00:11:44 (1105 turns).

Arne the Gusty (Tengu Air Elementalist)             Turns: 1105, Time: 00:11:45

Health: -6/24      AC:  6    Str:  9    XL:     4   Next: 14%
Magic:  6/8        EV: 12    Int: 16    God:
Gold:   137        SH:  0    Dex: 14    Spells: 6/7 levels left

rFire   . . .      SeeInvis .   j - +1 spear (vorpal)
rCold   . . .      Faith    .   (no shield)
rNeg    + . .      Spirit   .   i - +0 acid dragon scales
rPois   .          Reflect  .   (helmet restricted)
rElec   .          Harm     .   (no cloak)
rCorr   +          Rampage  .   (no gloves)
Will    .....                   (boots unavailable)
Stlth   ++........              (no amulet)
HPRegen 0.08/turn               f - ring of positive energy
MPRegen 0.11/turn               (no ring)

@: no status effects
A: beak, talons 3
a: no special abilities


You were on level 2 of the Dungeon.
You visited 1 branch of the dungeon, and saw 2 of its levels.

You collected 137 gold pieces.

Inventory:

Hand Weapons
 d - a +0 war axe
 j - a +1 vorpal spear (weapon)
Armour
 a - a +0 robe
 i - +0 acid dragon scales (worn)
Jewellery
 f - a ring of positive energy (left hand)
Potions
 b - 2 potions of attraction {unknown}
 e - a potion of lignification {unknown}
 g - 2 potions of degeneration {unknown}
 h - a potion of cancellation {unknown}


   Skills:
 * Level 0.5 Fighting
 - Level 0.6 Axes
 + Level 0.1 Armour
 * Level 3.0 Dodging
 + Level 2.8 Stealth
 + Level 2.2 Spellcasting
 + Level 1.4 Conjurations
 + Level 4.7 Air Magic


You had 6 spell levels left.
You knew the following spells:

 Your Spells              Type           Power      Damage    Failure   Level
a - Shock                 Conj/Air       44%        1d5       10%         1

Your spell library contained the following spells:

 Spells                   Type           Power      Damage    Failure   Level
 Static Discharge         Conj/Air       11%        N/A       14%         2
 Swiftness                Air            16%        N/A       14%         3
 Sandblast                Erth           2%         2d4       34%         1
 Airstrike                Air            8%         N/A       43%         4
 Passwall                 Tmut/Erth      0%         N/A       45%         2
 Portal Projectile        Hex/Tloc       2%         N/A       71%         3
 Olgreb's Toxic Radiance  Pois           1%         N/A       98%         4
 Blade Hands              Tmut           0%         N/A       100%        5
 Excruciating Wounds      Necr           0%         N/A       100%        5
 Lee's Rapid Deconstruct  Erth           0%         3d5*      100%        5
 Ozocubu's Refrigeration  Ice            0%         4d5       100%        7
 Ignition                 Fire           0%         3d3       100%        8


Dungeon Overview and Level Annotations

Branches:
Dungeon (2/15)

Altars:


Innate Abilities, Weirdness & Mutations

You have a beak for a mouth.
You have claws for feet.


Message History

Found a stone staircase leading up.
There is a stone staircase leading up here.
You climb upwards.
There is a stone staircase leading down here.
There is a stone staircase leading down here.
You climb downwards.
There is a stone staircase leading up here.
Found 18 stones.
Found a stone staircase leading down.
Found 12 gold pieces.
You now have 137 gold pieces (gained 12).
Casting: Shock (safe; 10% risk of failure)
Confirm with . or Enter, or press ? or * to list all spells.
Aiming: Shock (safe; 10% risk of failure)
Press: ? - help, Shift-Dir - straight line, f - gnoll
Aim: a gnoll, wielding a +0 halberd (72% to hit)
The zap hits the gnoll.
The gnoll is moderately wounded.
Casting: Shock (safe; 10% risk of failure)
Confirm with . or Enter, or press ? or * to list all spells.
Aiming: Shock (safe; 10% risk of failure)
Press: ? - help, Shift-Dir - straight line, f/p - gnoll
Aim: a gnoll, wielding a +0 halberd (moderately wounded, 72% to hit)
The zap misses the gnoll.
The gnoll shouts!
You hear a shout!
Reach: j) +1 spear (vorpal)
Press: ? - help, Dir - move target, f/p - gnoll
Aim: a gnoll, wielding a +0 halberd (moderately wounded, about 35% to evade your +1 vorpal spear)
You reach to attack!
You hit the gnoll but do no damage.
The gnoll is moderately wounded.
The gnoll closely misses you.
Reach: j) +1 spear (vorpal)
Press: ? - help, Dir - move target, f/p - gnoll
Aim: a gnoll, wielding a +0 halberd (moderately wounded, about 35% to evade your +1 vorpal spear)
You reach to attack!
You hit the gnoll.
The gnoll is heavily wounded.
The gnoll hits you from afar with a +0 spear.
* * * LOW HITPOINT WARNING * * *
The gnoll hits you from afar with a +0 halberd!
Ouch! That really hurt!
You die...

#.....# #.##.# *,* ##.####
#.##.# *,* #.# #.##.# *,*
#.# #.##.# *,* #.######.##.#
*,* #.gg...#.##.# *** #.#
######...##.# **,** #.#
#.####.###.#,** #.#
######.####@...#**,* #.#
#........g.####...#***####.#
#.####.##.g.##*,,..,,,,.....
#.# #g...#..#*,,,******#...
#.# #.##g...#****#######g<#
#.# #.###.#.######..g.g...#
#.# #..............#####.##
#.# #####.#.######## #.# #.#
#.#.# #.#


You could see 3 gnolls.

Vanquished Creatures
  An adder (D:2)
  A worm (D:2)
  A dart slug (D:2)
  8 endoplasms
  4 giant cockroaches
  8 goblins
  4 hobgoblins
  2 kobolds (D:2)
  4 quokkas
  5 ball pythons
  2 bats (D:2)
  4 frilled lizards
  A rat (D:1)
45 creatures vanquished.

Notes
Turn   | Place    | Note
-------+----------+-------------------------------------------
     0 | D:1      | Arne the Tengu Air Elementalist began the quest for the
                  | Orb.
     0 | D:1      | Reached XP level 1. HP: 10/10 MP: 4/4
   144 | D:1      | Reached XP level 2. HP: 13/15 MP: 6/6
   271 | D:1      | Reached XP level 3. HP: 18/19 MP: 7/7
   701 | D:2      | Reached XP level 4. HP: 15/24 MP: 8/8
   947 | D:2      | HP: 1/24 [gnoll (2)]
   954 | D:2      | HP: 1/24 [gnoll (1)]
  1105 | D:2      | Mangled by a gnoll

Illustrated notes

Levels and vault maps discovered:
D:1:      moated_graveyard_arrival, layout_rooms, minmay_small_reverse_x
D:2:      layout_loops_ring

Skill      XL: |  1  2  3 |
---------------+----------+-----
Dodging        | 3 |  3.0
Fighting       | |  0.5
Axes           | |  0.6
Armour         | |  0.1
Stealth        | |  2.8
Spellcasting   | |  2.2
Conjurations   | |  1.4
Air Magic      | |  4.7

Action                   |  1- 3 |  4- 6 || total
-------------------------+-------+-------++-------
Melee: War axe           |    60 |     3 ||    63
       Kick              |    12 |     4 ||    16
       Unarmed           |     1 |       ||     1
       Peck              |     9 |     3 ||    12
       Spear             |       |    13 ||    13
 Cast: Shock             |    16 |     2 ||    18
  Use: Scroll            |       |     1 ||     1
 Stab: Sleeping          |     8 |     1 ||     9
Armor: Robe              |    12 |       ||    12
       Acid dragon scale |     8 |     4 ||    12
Dodge: Dodged            |    40 |    11 ||    51

Table legend: (Time is in decaauts)
 A = Elapsed time spent in this place.
 B = Non-inter-level travel time spent in this place.
 C = Inter-level travel time spent in this place.
 D = Time resting spent in this place.
 E = Time spent auto-exploring this place.
 F = Levels seen in this place.
 G = Mean time per level.
                   A        B        C        D        E       F      G
               +--------+--------+--------+--------+--------+-----+--------+
         Total |   1135 |   1135 |      0 |     36 |     46 |   2 |  567.5 |
       Dungeon |   1135 |   1135 |      0 |     36 |     46 |   2 |  567.5 |
               +--------+--------+--------+--------+--------+-----+--------+

Top non-repeatable levels by time:
     D:2: 610 daAuts
     D:1: 525 daAuts
